 Seeded DCSS version 0.28.0-45-g0d030f2227 (webtiles) character file.

Game seed: 5805660663818814860 (custom seed)

964 yunder69 the Cleaver (level 7, -4/59 HPs)
             Began as a Minotaur Berserker on Apr 2, 2022.
             Was a Believer of Trog.
             Slain by a bullfrog (5 damage)
             ... on level 8 of the Dungeon.
             The game lasted 00:08:37 (4923 turns).

yunder69 the Cleaver (Minotaur Berserker)           Turns: 4923, Time: 00:08:38

Health: -4/59      AC:  9    Str: 21    XL:     7   Next: 93%
Magic:  6/6        EV: 10    Int:  6    God:    Trog [**....]
Gold:   168        SH: 14    Dex: 10    Spells: 6/6 levels left

rFire   . . .      SeeInvis .   a - +0 hand axe
rCold   . . .      Faith    .   f - +0 kite shield
rNeg    . . .      Spirit   .   r - +3 ring mail
rPois   .          Reflect  +   (helmet restricted)
rElec   .          Harm     .   g - +0 cloak
rCorr   .          Rampage  .   (no gloves)
Will    ++...                   (no boots)
Stlth   ..........              q - amulet of reflection
HPRegen 1.19/turn               (no ring)
MPRegen 0.10/turn               (no ring)

@: strong-willed, on berserk cooldown, regenerating, slowed, very slow
A: horns 2, retaliatory headbutt
a: Renounce Religion, Berserk, Trog's Hand


You were on level 8 of the Dungeon.
You worshipped Trog.
Trog was pleased with you.
You visited 1 branch of the dungeon, and saw 8 of its levels.

You collected 168 gold pieces.

Inventory:

Hand Weapons
 a - a +0 hand axe (weapon)
Missiles
 s - a throwing net (quivered)
Armour
 f - a +0 kite shield (worn)
 g - a +0 cloak (worn)
 r - a +3 ring mail (worn)
Jewellery
 q - an amulet of reflection (around neck)
Wands
 l - a wand of polymorph (21)
 t - a wand of digging (6)
Scrolls
 b - 4 scrolls of teleportation {unknown}
 c - 3 scrolls of identify {unknown}
 d - a scroll of fear {unknown}
 p - a scroll of brand weapon {unknown}
Potions
 e - a potion of magic {unknown}
 h - a potion of lignification {unknown}
 i - 2 potions of heal wounds {unknown}
 j - 2 potions of curing {unknown}
 k - a potion of flight {unknown}
 m - a potion of brilliance {unknown}
 n - a potion of degeneration {unknown}
 o - 2 potions of mutation {unknown}


   Skills:
 - Level 4.1 Fighting
 + Level 9.1 Axes
 - Level 2.5 Armour
 - Level 2.6 Dodging
 * Level 6.3 Shields


You had 6 spell levels left.
You didn't know any spells.
Your spell library was empty.

Dungeon Overview and Level Annotations

Branches:
Dungeon (9/15)             Temple (0/1) D:4
   Lair: D:8-11         Orc: D:9-12

Altars:

Shops:
D:1 ?   D:4 [[([:


Innate Abilities, Weirdness & Mutations

You have a pair of horns on your head.
You reflexively headbutt those who attack you in melee.


Message History

There is a stone staircase leading up here.
You block the bullfrog's attack.
The orc wizard hits you with a +0 dagger.
* * * LOW HITPOINT WARNING * * *
The bullfrog barely misses you. The orc wizard barely misses you.
You climb upwards.
There is a stone staircase leading down here.
Your skin crawls.
You feel strong-willed.
The bullfrog hits you but does no damage.
You block the orc wizard's attack.
The orc wizard gestures wildly while chanting.
The orc wizard flickers and vanishes!
Deactivating autopickup; reactivate with Ctrl-A.
The bullfrog closely misses you. You block the orc wizard's attack.
Something hits you but does no damage. The bullfrog hits you.
* * * LOW HITPOINT WARNING * * *
You hit something.
You hit the orc wizard but do no damage.
You hit the bullfrog. You block the bullfrog's attack.
The orc wizard mumbles some strange words.
The orc wizard flickers and vanishes!
Something hits you but does no damage. The bullfrog barely misses you.
You hit the bullfrog but do no damage.
The bullfrog is moderately wounded.
You hit something. You barely miss something.
The bullfrog hits you but does no damage.
You block something's attack. Something hits you but does no damage.
The bullfrog hits you.
* * * LOW HITPOINT WARNING * * *
Something hits you.
* * * LOW HITPOINT WARNING * * *
You hear some strange, mumbled words.
A puff of flame appears from out of thin air!
The puff of flame hits you.
* * * LOW HITPOINT WARNING * * *
The bullfrog hits you.
* * * LOW HITPOINT WARNING * * *
You block something's attack. The bullfrog hits you.
You die...

#.#.# .#.#
. ...# ..
#..# ...
#..# ....
#..# .....
#{{#.≈....
#@F.≈....
###......
..... ....
... ##


You could see a bullfrog.

Vanquished Creatures
  Edmund (D:4)
  A necrophage (D:5)
  An ogre (D:5)
  A centaur (D:5)
  2 phantoms
  A centaur zombie (D:4)
  A jelly (D:5)
  2 hounds
  An orc priest (D:4)
  A bullfrog skeleton (D:4)
  A centaur skeleton (D:5)
  An iguana (D:5)
  Jessica (D:2)
  An orc wizard (D:4)
  4 gnolls (D:5)
  3 adders
  An ufetubus (D:5)
  2 worms (D:3)
  3 dart slugs
  5 orcs
  7 endoplasms
  6 giant cockroaches
  8 goblins
  7 hobgoblins
  2 jackals (D:1)
  3 quokkas
  3 ball pythons
  8 bats
  4 frilled lizards
  A goblin zombie (D:4)
  9 kobolds
  6 rats
  A rat zombie (D:4)
99 creatures vanquished.

Vanquished Creatures (others)
  2 demonic plants (D:1)
2 creatures vanquished.

Grand Total: 101 creatures vanquished

Notes
Turn   | Place    | Note
-------+----------+-------------------------------------------
     0 | D:1      | yunder69 the Minotaur Berserker began the quest for the
                  | Orb.
     0 | D:1      | Reached XP level 1. HP: 19/19 MP: 0/0
   341 | D:1      | Reached skill level 4 in Axes
   341 | D:1      | Reached XP level 2. HP: 23/27 MP: 1/1
   388 | D:1      | Found Jiqa's Magic Scroll Shop.
   834 | D:1      | Found a faded altar of an unknown god.
   834 | D:1      | Noticed a smoke demon
   937 | D:1      | Reached XP level 3. HP: 31/33 MP: 2/2
  1350 | D:2      | Noticed Jessica
  1365 | D:2      | Killed Jessica
  1366 | D:2      | Reached skill level 1 in Shields
  1562 | D:2      | Reached ** piety under Trog
  1583 | D:2      | Reached skill level 5 in Axes
  1583 | D:2      | Reached XP level 4. HP: 40/40 MP: 3/3
  3025 | D:4      | Reached XP level 5. HP: 41/46 MP: 4/4
  3075 | D:4      | Noticed a phantom
  3084 | D:4      | Killed a phantom
  3085 | D:4      | Reached skill level 6 in Axes
  3140 | D:4      | Found Baitt's Antique Armour Emporium.
  3240 | D:4      | Found Leanis's Antique Weapon Boutique.
  3240 | D:4      | Found Obines's Antique Armour Shoppe.
  3252 | D:4      | Found a staircase to the Ecumenical Temple.
  3255 | D:4      | Reached XP level 6. HP: 52/52 MP: 5/5
  3258 | D:4      | Reached skill level 7 in Axes
  3503 | D:4      | Found Veoref's Antique Armour Emporium.
  3579 | D:4      | Found a sand-covered staircase.
  3672 | D:4      | Found Tuodyil's Book Shoppe.
  3816 | D:4      | Noticed Edmund
  3826 | D:4      | Killed Edmund
  4060 | D:5      | Entered Level 5 of the Dungeon
  4115 | D:5      | Reached skill level 8 in Axes
  4115 | D:5      | Reached XP level 7. HP: 48/59 MP: 6/6
  4538 | D:5      | Reached skill level 5 in Shields
  4698 | D:5      | Reached skill level 9 in Axes
  4908 | D:6      | You fall into a shaft and drop 3 floors!
  4908 | D:9      | Noticed an efreet
  4922 | D:8      | HP: 2/59 [something/puff of flame (5)]
  4923 | D:8      | Slain by a bullfrog

Illustrated notes

Levels and vault maps discovered:
D:1:      lemuel_arrival_tunnels, layout_rooms,
          dreamdust_ecumenical_altar_sealed_demon, serial_shops, shop
D:2:      layout_basic, uniq_jessica
D:3:      layout_loops_ring, hangedman_decor_opposing
D:4:      layout_basic, temple_statues, serial_shops, shop, shop,
          nicolae_shop_behind_doors, shop, nicolae_shop_hallway_plus,
          enter_ossuary_4, uniq_edmund
D:5:      layout_rooms
D:6:      layout_basic, chequers_serial_rivers_room_a, uniq_duvessa,
          uniq_crazy_yiuf_cottage
D:8:      layout_basic, special_room [special_room_orc], kennysheep_crisscross
D:9:      layout_basic, nicolae_overflow_crystal_walls, minmay_lair_entry_grove,
          serial_shops, nicolae_shop_competitors_out_of_business,
          nicolae_shop_clearance

Skill      XL: |  1  2  3  4  5  6  7 |
---------------+----------------------+-----
Axes           | 4 5 6 8 9 |  9.1
Fighting       | 4 |  4.1
Shields        | 1 2 3 4 6 |  6.3
Armour         | |  2.5
Dodging        | |  2.6

Action                   |  1- 3 |  4- 6 |  7- 9 || total
-------------------------+-------+-------+-------++-------
Melee: Hand axe          |    72 |   151 |    59 ||   282
       Headbutt          |    10 |    18 |    10 ||    38
Invok: Trog's Hand       |       |     3 |     4 ||     7
       Berserk           |       |     3 |     3 ||     6
Armor: Animal skin       |    14 |     2 |       ||    16
       Skin              |     4 |       |       ||     4
       Ring mail         |       |    31 |    22 ||    53
       Chain mail        |       |    37 |       ||    37
Dodge: Dodged            |    46 |    53 |    20 ||   119
Block: Kite shield       |     8 |    57 |    44 ||   109
